 Dungeon Crawl Stone Soup version 0.30.0-18-gc0e69614cb (webtiles) character file.

Game seed: 11442015645046243242

1395 JanusIIV the Skirmisher (level 8, -1/49 HPs)
             Began as a Deep Elf Hunter on May 25, 2023.
             Slain by a yak (15 damage)
             ... on level 5 of the Dungeon.
             The game lasted 00:06:37 (4732 turns).

JanusIIV the Skirmisher (Deep Elf Hunter)           Turns: 4732, Time: 00:06:37

Health: -1/49      AC:  4    Str:  8    XL:     8   Next: 41%
Magic:  10/10      EV: 14    Int: 15    God:
Gold:   193        SH:  0    Dex: 20    Spells: 7/7 levels left

rFire   . . .        a - +0 shortbow
rCold   . . .        (shield currently unavailable)
rNeg    . . .        c - +0 leather armour
rPois   .            (no helmet)
rElec   .            (no cloak)
rCorr   .            u - +0 pair of gloves
SInv    .            (no boots)
Will    .....        (no amulet)
Stlth   ++           (no ring)
HPRegen 0.28/turn    (no ring)
MPRegen 0.12/turn

%: no passive effects
@: no status effects
A: no striking features
a: no special abilities


You were on level 5 of the Dungeon.
You visited 1 branch of the dungeon, and saw 5 of its levels.

You collected 193 gold pieces.

Inventory:

Hand Weapons
 a - a +0 shortbow (weapon)
Armour
 c - a +0 leather armour (worn)
 u - a +0 pair of gloves (worn)
Jewellery
 d - a ring of poison resistance
 j - a ring of resist corrosion
Wands
 s - a wand of paralysis (5)
 x - a wand of polymorph (12)
Scrolls
 b - a scroll of immolation
 e - 2 scrolls of fear {unknown}
 f - a scroll of torment {unknown}
 g - 5 scrolls of identify {unknown}
 h - 3 scrolls of teleportation {unknown}
 i - a scroll of magic mapping {unknown}
 k - a scroll of enchant armour {unknown}
 r - 2 scrolls of noise {unknown}
 v - a scroll of silence {unknown}
Potions
 l - 3 potions of lignification
 m - a potion of cancellation
 n - 2 potions of brilliance
 p - a potion of might
 q - a potion of resistance {unknown}
 w - a potion of attraction {unknown}


   Skills:
 - Level 5.0 Fighting
 + Level 11.5 Ranged Weapons
 - Level 5.0 Dodging
 - Level 1.2 Stealth


You had 7 spell levels left.
You didn't know any spells.
Your spell library contained the following spells:

 Spells                   Type           Power      Damage    Failure   Level
 Apportation              Tloc           0%         N/A       36%         1
 Beastly Appendage        Tmut           0%         N/A       36%         1
 Necrotise                Necr           0%         1d4       36%         1
 Summon Small Mammal      Summ           0%         N/A       36%         1
 Lesser Beckoning         Tloc           0%         N/A       52%         2
 Sublimation of Blood     Necr           0%         N/A       52%         2
 Wereblood                Tmut           0%         N/A       52%         2
 Gell's Gravitas          Tloc           0%         N/A       75%         3
 Inner Flame              Hex/Fire       0%         N/A       75%         3
 Spider Form              Tmut/Pois      0%         N/A       75%         3
 Teleport Other           Tloc           0%         N/A       75%         3
 Vampiric Draining        Necr           0%         2d6       75%         3
 Flame Wave               Conj/Fire      0%         2d4       98%         4
 Olgreb's Toxic Radiance  Pois           0%         N/A       98%         4
 Sticky Flame             Conj/Fire      0%         2d3       98%         4
 Agony                    Necr           0%         N/A       100%        5
 Summon Hydra             Summ           0%         N/A       100%        7
 Discord                  Hex            0%         N/A       100%        8
 Ignition                 Fire           0%         3d3       100%        8


Dungeon Overview and Level Annotations

Branches:
Dungeon (5/15)
 Temple: D:4-7

Altars:
Wu Jian


Message History

The yak is lightly wounded.
You shoot an arrow. The arrow hits the yak.
The yak is moderately wounded.
The yak gores you!
You shoot an arrow.
The arrow hits the yak but does no damage.
The yak is moderately wounded.
The yak gores you!
You are too injured to fight recklessly!
You are too injured to fight recklessly!
You are too injured to fight recklessly!
You feel much better. The yak barely misses you.
You shoot an arrow. The arrow hits the yak!
The yak is severely wounded.
The yak gores you!
You shoot an arrow. The arrow hits the yak.
The yak is almost dead.
The yak gores you!
You shoot an arrow.
The arrow hits the yak but does no damage.
The yak is almost dead.
The yak completely misses you. The yak barely misses you.
You shoot an arrow.
The arrow barely misses the yak. x2; The yak gores you!
You are too injured to fight recklessly!
You shoot an arrow.
The arrow hits the yak but does no damage.
The yak is almost dead.
The yak gores you.
You shoot an arrow. The arrow barely misses the yak.
The arrow hits the yak but does no damage.
The yak misses you.
You shoot an arrow. The arrow hits the yak!
You kill the yak!
Training target 5.0 for Dodging reached!
Your Dodging skill increases to level 5!
The yak attacks as you move away! The yak gores you.
* * * LOW HITPOINT WARNING * * *
The yak attacks as you move away! The yak closely misses you.
The yak attacks as you move away! The yak gores you!
You die...

#.....# ##...# #.....# #.....#
#....# #.....# ## #.....##
#....###†....# #.
#......####....##>..#### #.
#.^....Y.##.####..### #######<
#.....##..#.# #.## #...#...
#.....###...####.### #...#.##
#.....#...#........### #.....#
###.....########@#...#####...###
###Y##########.Y.###.........#
......####.....### #######...#
...Y.......##### #...#
........#### #...# ..Y.....#
#...# ...Y....# #...# .Y.<.Y<.#
##### ........#


You could see a yak.

Vanquished Creatures
  5 yaks
  Menkaure (D:4)
  A black bear (D:5)
  An ogre (D:4)
  A phantom (D:5)
  A scorpion (D:5)
  An orc priest (D:5)
  Jessica (D:2)
  Terence (D:2)
  2 iguanas (D:5)
  4 adders
  2 worms (D:2)
  2 dart slugs
  6 orcs
  9 endoplasms
  2 giant cockroaches
  7 goblins
  6 hobgoblins
  4 jackals
  7 kobolds
  4 quokkas
  7 ball pythons
  5 bats
  2 frilled lizards
  7 rats
89 creatures vanquished.

Notes
Turn   | Place    | Note
-------+----------+-------------------------------------------
     0 | D:1      | JanusIIV the Deep Elf Hunter began the quest for the Orb.
     0 | D:1      | Reached XP level 1. HP: 12/12 MP: 3/3
   302 | D:1      | Reached XP level 2. HP: 17/17 MP: 4/4
  1198 | D:2      | Reached skill level 6 in Ranged Weapons
  1214 | D:2      | Reached XP level 3. HP: 21/21 MP: 5/5
  1273 | D:2      | Noticed Jessica
  1276 | D:2      | Killed Jessica
  1295 | D:2      | Reached XP level 4. HP: 27/27 MP: 6/6
  1447 | D:2      | Noticed Terence
  1450 | D:2      | Killed Terence
  2005 | D:3      | Reached skill level 7 in Ranged Weapons
  2154 | D:3      | Reached XP level 5. HP: 32/32 MP: 7/7
  2208 | D:3      | Found an ornate altar of the Wu Jian Council.
  2387 | D:3      | Found a faded altar of an unknown god.
  2870 | D:4      | Found Lutub's Book Shoppe.
  2960 | D:4      | Noticed an ogre
  2967 | D:4      | Killed an ogre
  3062 | D:4      | Noticed Menkaure
  3072 | D:4      | Killed Menkaure
  3073 | D:4      | Reached skill level 8 in Ranged Weapons
  3073 | D:4      | Reached XP level 6. HP: 12/38 MP: 8/8
  3390 | D:5      | Entered Level 5 of the Dungeon
  3535 | D:5      | Noticed a yak
  3537 | D:5      | Noticed a yak
  3537 | D:5      | Noticed a yak
  3538 | D:5      | Noticed a yak
  3539 | D:5      | Noticed a yak
  3541 | D:5      | Killed a yak
  3542 | D:5      | Reached XP level 7. HP: 44/44 MP: 9/9
  3553 | D:5      | Noticed a yak
  3776 | D:5      | Reached skill level 9 in Ranged Weapons
  3835 | D:5      | Reached skill level 5 in Fighting
  4134 | D:4      | Killed a yak
  4135 | D:4      | Reached skill level 10 in Ranged Weapons
  4618 | D:5      | Killed a yak
  4619 | D:5      | Reached XP level 8. HP: 40/49 MP: 10/10
  4717 | D:5      | Reached skill level 11 in Ranged Weapons
  4729 | D:5      | Reached skill level 5 in Dodging
  4732 | D:5      | Slain by a yak

Illustrated notes

Levels and vault maps discovered:
D:1:      saegor_arrival_fortress, layout_basic
D:2:      layout_basic, grunt_ministairs_8, minmay_hexomino_u4, uniq_jessica,
          uniq_terence
D:3:      layout_basic, nicolae_wu_jian_immortal_techniques,
          shapermc_ecumenical_altar_starsandcircs, grunt_ministairs_6,
          minmay_circle_x
D:4:      layout_rooms, serial_shops, kennysheep_little_box,
          nicolae_figureground_pulse, uniq_menkaure
D:5:      layout_rooms, serial_shops, nicolae_shop_window_shopping

Skill      XL: |  1  2  3  4  5  6  7  8 |
---------------+-------------------------+-----
Fighting       | 2 3 4 5 |  5.0
Ranged Weapons | 6 7 8 10 11 | 11.5
Dodging        | 4 5 |  5.0
Stealth        | |  1.2

Action                     |  1- 3 |  4- 6 |  7- 9 || total
---------------------------+-------+-------+-------++-------
   Fire: Shortbow          |    58 |   130 |   105 ||   293
    Use: Potion            |       |     2 |     8 ||    10
 Armour: Leather armour    |     2 |    16 |    19 ||    37
         Skin              |       |       |     5 ||     5
  Dodge: Dodged            |    13 |    33 |    43 ||    89
